 Dungeon Crawl Stone Soup version 0.26-a0-613-g4f23886233 (webtiles) character file.

Game seed: 3213041340353744185

54 Peloso the Skirmisher (level 3, 0/29 HPs)
             Began as a Demonspawn Fighter on Sept 11, 2020.
             Slain by Terence
             ... wielding a +2 flail of protection
              (3 damage)
             ... on level 2 of the Dungeon.
             The game lasted 00:03:02 (1588 turns).

Peloso the Skirmisher (Demonspawn Fighter)          Turns: 1588, Time: 00:03:03

Health: 0/29       AC: 12    Str: 17    XL:     3   Next: 66%
Magic:  3/3        EV:  3    Int:  9    God:
Gold:   143        SH:  9    Dex: 12    Spells: 2/2 levels left

rFire    . . .     SeeInvis .   a - +0 long sword
rCold    . . .     Faith    .   c - +0 kite shield
rNeg     . . .     Spirit   .   l - +0 plate armour
rPois    .         Reflect  .   (no helmet)
rElec    .         Harm     .   i - +0 cloak
rCorr    .                      (no gloves)
MR       .....                  (no boots)
Stlth    ..........             (no amulet)
HPRegen  0.09/turn              (no ring)
MPRegen  0.08/turn              (no ring)

@: no status effects
A: demonic guardian 1
a: no special abilities


You were on level 2 of the Dungeon.
You visited 1 branch of the dungeon, and saw 2 of its levels.

You collected 143 gold pieces.

Inventory:

Hand Weapons
 a - a +0 long sword (weapon)
Armour
 b - a +0 scale mail
 c - a +0 kite shield (worn)
 i - a +0 cloak (worn)
 l - a +0 plate armour (worn)
Scrolls
 g - a scroll of teleportation
 o - 2 scrolls of magic mapping {unknown}
Potions
 d - a potion of might
 e - a potion of cancellation {unknown}
 f - a potion of flight {unknown}
 h - 3 potions of curing {unknown}
 j - 2 potions of mutation {unknown}
 k - a potion of lignification {unknown}
 m - 2 potions of magic {unknown}
 n - a potion of stabbing {unknown}


   Skills:
 + Level 3.2 Fighting
 + Level 2.5 Long Blades
 + Level 3.0 Armour
 + Level 0.7 Dodging
 + Level 3.1 Shields


You had 2 spell levels left.
You didn't know any spells.
Your spell library was empty.

Dungeon Overview and Level Annotations

Branches:
Dungeon (2/15)

Altars:

Annotations:
D:2 Terence


Innate Abilities, Weirdness & Mutations

A weak demonic guardian rushes to your aid.


Message History

Terence is heavily wounded.
Terence hits you but does no damage. x2
You hit Terence.
Terence is severely wounded.
You block Terence's attack.
You closely miss Terence.
Terence is severely wounded.
Terence hits you with a +2 flail of protection!
* * * LOW HITPOINT WARNING * * *
You hit Terence but do no damage.
Terence is severely wounded.
Terence hits you but does no damage.
Your plate armour prevents you from hitting Terence.
Terence is severely wounded.
Terence hits you with a +2 flail of protection.
* * * LOW HITPOINT WARNING * * *
You closely miss Terence.
Terence is severely wounded.
Terence hits you with a +2 flail of protection.
You die...

.#.<.# ......# .. . .
##...## #.#.#. ..>..#
....... ###.## #.#.#.# #.#
....... ##+## #.# .$#
##...## #.# #@# #.....##
#.###@# .......## #..##.##
#
........####......##.#.##.
........'.................
........####........##.##.
.......## ##.......#
#.....## #..[....# ##...##
##....### ##+## #....#


You could see Terence.

Vanquished Creatures
  An adder (D:2)
  2 dart slugs (D:1)
  A leopard gecko (D:1)
  2 bats (D:1)
  2 goblins (D:1)
  12 hobgoblins (D:1)
  6 kobolds (D:1)
  2 frilled lizards (D:1)
  9 rats (D:1)
37 creatures vanquished.

Notes
Turn   | Place    | Note
-------+----------+-------------------------------------------
     0 | D:1      | Peloso the Demonspawn Fighter began the quest for the Orb.
     0 | D:1      | Reached XP level 1. HP: 18/18 MP: 1/1
    66 | D:1      | Gained mutation: A weak demonic guardian rushes to your
                  | aid. [demonic ancestry]
    66 | D:1      | Reached XP level 2. HP: 17/24 MP: 2/2
   604 | D:1      | Reached XP level 3. HP: 29/29 MP: 3/3
  1551 | D:2      | Noticed Terence
  1588 | D:2      | Slain by Terence

Illustrated notes

Levels and vault maps discovered:
D:1:      nicolae_arrival_somewhat_less_tricky_arrival, layout_basic,
          nrook_mini_vaults, minmay_heptomino_l4
D:2:      layout_loops_corners, minmay_misc_feat_pillars, uniq_terence

Skill      XL: |  1  2  3 |
---------------+----------+-----
Shields        | 3 |  3.1
Long Blades    | 2 |  2.5
Armour         | 3 |  3.0
Fighting       | |  3.2
Dodging        | |  0.7

Action                   || total
-------------------------++-------
Melee: Long sword        ||   178
  Use: Scroll            ||     1
Armor: Scale mail        ||    45
       Plate armour      ||    68
Dodge: Dodged            ||    36
Block: Kite shield       ||    91
       Rpst.: Long sword ||    12

Table legend: (Time is in decaauts)
 A = Elapsed time spent in this place.
 B = Non-inter-level travel time spent in this place.
 C = Inter-level travel time spent in this place.
 D = Time resting spent in this place.
 E = Time spent auto-exploring this place.
 F = Levels seen in this place.
 G = Mean time per level.
                   A        B        C        D        E       F      G
               +--------+--------+--------+--------+--------+-----+--------+
         Total |   1655 |   1610 |     45 |      0 |   1047 |   2 |  827.5 |
       Dungeon |   1655 |   1610 |     45 |      0 |   1047 |   2 |  827.5 |
               +--------+--------+--------+--------+--------+-----+--------+

Top non-repeatable levels by time:
     D:1: 1486 daAuts
     D:2: 168 daAuts
